 Dungeon Crawl Stone Soup version 0.28.0-47-ge53b351184 (webtiles) character file.

Game seed: 2090207245325564711

35 101zpm the Magician (level 3, -3/32 HPs)
             Began as a Troll Hedge Wizard on Apr 28, 2022.
             Slain by an orc
             ... wielding a +1 hand axe of distortion
              (20 damage)
             ... on level 3 of the Dungeon.
             The game lasted 00:01:41 (925 turns).

101zpm the Magician (Troll Hedge Wizard)             Turns: 925, Time: 00:01:42

Health: -3/32      AC:  4    Str: 18    XL:     3   Next: 17%
Magic:  5/5        EV:  9    Int: 12    God:
Gold:   59         SH:  5    Dex:  9    Spells: 5/6 levels left

rFire   . . .      SeeInvis .   a - +0 dagger
rCold   . . .      Faith    .   (no shield)
rNeg    . . .      Spirit   .   b - +0 robe
rPois   .          Reflect  +   c - +0 hat
rElec   .          Harm     .   (no cloak)
rCorr   .          Rampage  .   (gloves unavailable)
Will    .....                   (boots unavailable)
Stlth   +.........              j - amulet of reflection
HPRegen 0.90/turn               (no ring)
MPRegen 0.09/turn               (no ring)

@: no status effects
A: large, unfitting armour, claws 3, regeneration 1, shaggy fur 1, tough skin 1
a: no special abilities


You were on level 3 of the Dungeon.
You visited 1 branch of the dungeon, and saw 3 of its levels.

You collected 59 gold pieces.

Inventory:

Hand Weapons
 a - a +0 dagger (weapon)
Missiles
 d - 27 stones
Armour
 b - a +0 robe (worn)
 c - a +0 hat (worn)
Jewellery
 j - an amulet of reflection (around neck)
Scrolls
 e - a scroll of immolation {unknown}
 g - a scroll of identify {unknown}
 i - a scroll of noise {unknown}
 k - a scroll of holy word {unknown}
Potions
 f - a potion of haste {unknown}
 h - a potion of curing {unknown}


   Skills:
 + Level 0.4 Fighting
 + Level 0.9 Short Blades
 + Level 1.9 Dodging
 + Level 1.1 Stealth
 + Level 0.1 Shields
 + Level 2.2 Spellcasting
 + Level 0.6 Conjurations
 + Level 0.6 Summonings
 + Level 0.6 Translocations


You had 5 spell levels left.
You knew the following spells:

 Your Spells              Type           Power      Damage    Failure   Level
a - Magic Dart            Conj           8%         1d3       22%         1

Your spell library contained the following spells:

 Spells                   Type           Power      Damage    Failure   Level
 Slow                     Hex            4%         N/A       26%         1
 Blink                    Tloc           4%         N/A       32%         2
 Call Imp                 Summ           2%         N/A       32%         2
 Conjure Flame            Conj/Fire      2%         6-21      56%         3
 Mephitic Cloud           Conj/Pois/Air  1%         N/A       58%         3


Dungeon Overview and Level Annotations

Branches:
Dungeon (3/15)

Altars:


Innate Abilities, Weirdness & Mutations

You are too large for most types of armour.
You have claws for hands.
Your natural rate of healing is unusually fast.
You are covered in fur. (AC +1)
You have tough skin. (AC +1)


Message History

You are too injured to fight recklessly!
You are too injured to fight recklessly!
You are too injured to fight recklessly!
You are too injured to fight recklessly!
You are too injured to fight recklessly!
You are too injured to fight recklessly!
You barely miss the orc.
The orc is moderately wounded.
The orc barely misses you.
You hit the orc.
The orc is almost dead.
The orc closely misses you.
You closely miss the orc.
The orc is almost dead.
You block the orc's attack.
You hit the orc.
You kill the orc!
You hit the orc but do no damage. The orc closely misses you.
You hit the orc.
The orc is moderately wounded.
The orc hits you with a +1 hand axe of distortion.
You blink.
The orc throws a boomerang.
You reflect the boomerang off an invisible shield around you!
The boomerang hits the orc but does no damage.
You completely miss the orc.
The orc is moderately wounded.
The orc priest hits you but does no damage.
The orc closely misses you.
You barely miss the orc priest. The orc priest hits you with a +0 whip.
The orc closely misses you.
You hit the orc priest.
The orc priest is lightly wounded.
The orc priest hits you with a +0 whip. The orc hits you but does no damage.
You blink.
The orc hits you but does no damage.
You blink.
The orc priest casts a cantrip, but nothing happens.
The orc hits you but does no damage. Space warps horribly around you!!
Ouch! That really hurt!
You die...

#.# #########.#.#. #.#
#.......#.#.#. #.#
#.......#.#... #.#
#.......#.###. #.#
#..[....#.#.). #.###
#...<...#..... #...#
#.......###.## ###.#
#.........>..# #@#
##.###.####..#
####o####.....# #..#
#.)o.ยง..####### #...
######### #.##.##.## ###
...# ##.......#
#.##.##..##.... ...#
##...###.?###o##...........
..##
.........oo..o#####..##.##.
.# #....o.#..##..#####.## #
#.....##..##........#


You could see an orc priest and an orc.

Vanquished Creatures
  An adder (D:2)
  2 orcs (D:3)
  A ball python (D:2)
  2 endoplasms
  3 giant cockroaches (D:2)
  2 goblins
  A hobgoblin (D:2)
  3 jackals (D:2)
  A quokka (D:2)
  3 bats
  A frilled lizard (D:2)
  A kobold (D:3)
21 creatures vanquished.

Notes
Turn   | Place    | Note
-------+----------+-------------------------------------------
     0 | D:1      | 101zpm the Troll Hedge Wizard began the quest for the Orb.
     0 | D:1      | Reached XP level 1. HP: 16/16 MP: 2/2
   163 | D:2      | Found a faded altar of an unknown god.
   176 | D:2      | Reached XP level 2. HP: 21/24 MP: 4/4
   783 | D:3      | Reached XP level 3. HP: 32/32 MP: 5/5
   925 | D:3      | Slain by an orc

Illustrated notes

Levels and vault maps discovered:
D:1:      dpeg_arrival_leaves_temple_mockup, layout_basic
D:2:      layout_basic, ebering_ecumenical_altar_box
D:3:      layout_loops_cross, due_unseen_surprise

Action                   || total
-------------------------++-------
Melee: Dagger            ||   160
       Punch             ||     1
 Stab: Sleeping          ||     4
Armor: Robe              ||    69
Dodge: Dodged            ||    81
Block: Other             ||    16
       Reflection        ||     1
